 Dungeon Crawl Stone Soup version 0.29.0-4-gdea44cf6ec (webtiles) character file.

Game seed: 17740441071713420339

12 qw the Chopper (level 2, -3/24 HPs)
             Began as a Demonspawn Cinder Acolyte on Sept 10, 2022.
             Was a High Priest of Ignis.
             Slain by a gnoll
             ... wielding a +0 flail
              (4 damage)
             ... on level 1 of the Dungeon.
             The game lasted 00:00:10 (360 turns).

qw the Chopper (Demonspawn Cinder Acolyte)           Turns: 360, Time: 00:00:11

Health: -3/24      AC:  9    Str: 14    XL:     2   Next: 20%
Magic:  3/3        EV: 11    Int: 15    God:    Ignis [*****.]
Gold:   30         SH:  0    Dex:  8    Spells: 3/3 levels left

rFire   + . .      SeeInvis .   a - -1 hand axe (flame)
rCold   . . .      Faith    .   (no shield)
rNeg    . . .      Spirit   .   b - +0 robe
rPois   .          Reflect  .   (no helmet)
rElec   .          Harm     .   (no cloak)
rCorr   .          Rampage  .   (no gloves)
Will    .....                   (no boots)
Stlth   +.........              (no amulet)
HPRegen 0.08/turn               (no ring)
MPRegen 0.08/turn               (no ring)

@: fiery-armoured
A: sturdy frame 1
a: Renounce Religion, Fiery Armour, Foxfire Swarm, Rising Flame


You were on level 1 of the Dungeon.
You worshipped Ignis.
Ignis was extremely pleased with you.
You visited 1 branch of the dungeon, and saw 1 of its levels.

You collected 30 gold pieces.


Innate Abilities, Weirdness & Mutations

Your movements are slightly less encumbered by armour. (ER -2)


   Skills:
 - Level 3.0 Fighting
 + Level 3.3 Axes
 - Level 1.0 Spellcasting
 - Level 2.6 Fire Magic


You had 3 spell levels left.
You didn't know any spells.
Your spell library contained the following spells:

 Spells                   Type           Power      Damage    Failure   Level
 Scorch                   Fire           16%        2d5       12%         2

Inventory:

Hand Weapons
 a - a -1 hand axe of flaming (weapon)
Armour
 b - a +0 robe (worn)
 c - a +0 leather armour
Scrolls
 d - a scroll of blinking {unknown}
 e - a scroll of torment {unknown}
Potions
 f - a potion of might {unknown}

Dungeon Overview and Level Annotations

Branches:
Dungeon (1/15)

Altars:


Message History

A rat and a gnoll come into view.
The gnoll shouts!
A ball python comes into view.
346 ||| Stepping ~*~*~tactically~*~*~ (stealth).
You hit the rat but do no damage. The rat bites you.
You hit the rat but do no damage. The rat closely misses you.
You hit the rat but do no damage. The rat misses you.
You hit the rat. You burn the rat.
You kill the rat!
The gnoll barely misses you.
You barely miss the gnoll. The gnoll misses you.
You hit the gnoll. You burn the gnoll.
The gnoll is lightly wounded.
The gnoll hits you with a +0 flail.
You closely miss the gnoll.
The gnoll is lightly wounded.
The gnoll closely misses you.
You barely miss the gnoll. Your punch misses the gnoll.
The gnoll is lightly wounded.
The gnoll closely misses you.
You hit the gnoll. You burn the gnoll.
The gnoll is moderately wounded.
The gnoll misses you.
You barely miss the gnoll.
The gnoll is moderately wounded.
The gnoll completely misses you.
You closely miss the gnoll. You punch the gnoll, but do no damage.
The gnoll is moderately wounded.
The gnoll hits you with a +0 flail!
A quokka comes into view.
The gnoll hits you with a +0 flail!
359 ||| Stepping ~*~*~tactically~*~*~ (stealth).
360 ||| INVOKING Fiery Armour.
A protective cloak of flame settles atop you.
The gnoll hits you with a +0 flail.
You die...

S.. .r# ..# #### ## #.#
#...## .... #.##......
......###.#.......
.......r..#.......
...##~~~#+...###%........
.....#.....#....@g.........
.....~.....~...###.###...#.
..?..~..}..~..####.#######.#
.....#.....#.......%........
#~¤¤###~~~########..###...(.
.....#......#...###.##......
..}..~......#...##...#..# #
..<..~......#...##.>....#
.....#[.....#...##....#.#


You could see a gnoll.

Vanquished Creatures
  A dart slug (D:1)
  A bat (D:1)
  An endoplasm (D:1)
  A giant cockroach (D:1)
  A hobgoblin (D:1)
  A ball python (D:1)
  A frilled lizard (D:1)
  2 kobolds (D:1)
  2 rats (D:1)
11 creatures vanquished.

Notes
Turn   | Place    | Note
-------+----------+-------------------------------------------
     0 | D:1      | qw the Demonspawn Cinder Acolyte began the quest for the
                  | Orb.
     0 | D:1      | Reached XP level 1. HP: 18/18 MP: 2/2
     0 | D:1      | 0 ||| qw: Version: 0.1-a-113-g051387a
     0 | D:1      | 0 ||| qw: Game counter: 7409
     0 | D:1      | 0 ||| qw: Always use a shield: true
     0 | D:1      | 0 ||| qw: God list: Okawaru
     0 | D:1      | 0 ||| qw: Allow faded altars: false
     0 | D:1      | 0 ||| qw: Do Orc after D:15 true
     0 | D:1      | 0 ||| qw: Do second Lair branch before Depths: true
     0 | D:1      | 0 ||| qw: Lair rune preference: random
     0 | D:1      | 0 ||| qw: Plans: Normal
     0 | D:1      | 0 ||| PLANNING D:1-11
   154 | D:1      | 154 ||| Stepping ~*~*~tactically~*~*~ (stealth).
   163 | D:1      | Reached skill level 3 in Axes
   163 | D:1      | 163 ||| Stepping ~*~*~tactically~*~*~ (stealth).
   187 | D:1      | Gained mutation: Your movements are slightly less
                  | encumbered by armour. (ER -2) [demonic ancestry]
   187 | D:1      | Reached XP level 2. HP: 16/24 MP: 3/3
   325 | D:1      | 325 ||| Stepping ~*~*~tactically~*~*~ (stealth).
   346 | D:1      | 346 ||| Stepping ~*~*~tactically~*~*~ (stealth).
   358 | D:1      | HP: 1/24 [gnoll/+0 flail (9)]
   359 | D:1      | 359 ||| Stepping ~*~*~tactically~*~*~ (stealth).
   360 | D:1      | 360 ||| INVOKING Fiery Armour.
   360 | D:1      | Slain by a gnoll

Levels and vault maps discovered:
D:1:      dpeg_arrival_rooms_with_view, layout_rooms, grunt_decor_clamped,
          hex_tiny

Skill      XL: |  1 |
---------------+----+-----
Axes           | 3 |  3.3
Fighting       | |  3.0
Spellcasting   | |  1.0
Fire Magic     | |  2.6

Action                   || total
-------------------------++-------
Melee: Hand axe          ||    34
       Punch             ||     2
Invok: Fiery Armour      ||     1
Armor: Robe              ||     3
Dodge: Dodged            ||    21

Table legend:
 A = Non-vault XP
 B = Vault XP
 C = Vault XP percentage of total XP
 D = Non-vault monster count
 E = Vault monster count
 F = Vault count percentage of total count
                 A         B        C        D         E       F
            +---------+---------+-------+---------+---------+-------
      Total |      17 |       1 |   5.6 |      10 |       1 |   9.1
            +---------+---------+-------+---------+---------+-------
        D:1 |      17 |       1 |   5.6 |      10 |       1 |   9.1
            +---------+---------+-------+---------+---------+-------
